 Dungeon Crawl Stone Soup version 0.29-a0-356-g7bc237e783 (webtiles) character file.

Game seed: 13510527819675551713

11591 kevlar127 the Grappler (level 11, -31/172 HPs)
             Began as a Troll Berserker on Apr 27, 2022.
             Was a High Priest of Trog.
             Annihilated by an orc warlord
             ... wielding a +0 great mace
              (34 damage)
             ... on level 1 of the Orcish Mines.
             The game lasted 01:15:56 (11572 turns).

kevlar127 the Grappler (Troll Berserker)           Turns: 11572, Time: 01:15:58

Health: -31/172    AC:  6    Str: 31    XL:     11   Next: 51%
Magic:  10/10      EV: 10    Int:  3    God:    Trog [*****.]
Gold:   1247       SH:  0    Dex: 15    Spells: 10/10 levels left

rFire   . . .      SeeInvis .     - Unarmed
rCold   . . .      Faith    .   (no shield)
rNeg    . . .      Spirit   .   m - +0 troll leather armour {Pargi}
rPois   +          Reflect  .   (helmet restricted)
rElec   .          Harm     .   (no cloak)
rCorr   .          Rampage  .   (gloves unavailable)
Will    .....                   (boots unavailable)
Stlth   ..........              (no amulet)
HPRegen 1.98/turn               F - +6 ring of dexterity
MPRegen 0.12/turn               B - ring of poison resistance

@: berserking, very quick
A: large, unfitting armour, claws 3, regeneration 1, shaggy fur 1, tough skin 1
a: Renounce Religion, Berserk, Trog's Hand, Brothers in Arms


You were on level 1 of the Orcish Mines.
You worshipped Trog.
Trog was extremely pleased with you.
You visited 2 branches of the dungeon, and saw 13 of its levels.

You collected 1299 gold pieces.
You spent 52 gold pieces at shops.

Inventory:

Missiles
 i - 385 stones
 t - 19 poisoned darts
 u - 2 curare-tipped darts
 G - 7 boomerangs (quivered)
Armour
 m - a +0 troll leather armour (worn) {Pargi}
 o - a +2 robe of fire resistance
Jewellery
 v - a +4 ring of protection
 w - a +4 ring of evasion
 B - a ring of poison resistance (right claw)
 F - a +6 ring of dexterity (left claw)
Wands
 y - a wand of digging (5)
 D - a wand of acid (3)
 K - a wand of flame (5)
Scrolls
 a - 8 scrolls of teleportation
 c - 4 scrolls of magic mapping {unknown}
 d - 2 scrolls of enchant weapon {unknown}
 g - 2 scrolls of fog {unknown}
 j - a scroll of summoning {unknown}
 n - 2 scrolls of noise {unknown}
 p - a scroll of brand weapon {unknown}
 r - 2 scrolls of fear
 s - 3 scrolls of vulnerability
 x - 2 scrolls of blinking
 C - 2 scrolls of enchant armour
 H - a scroll of immolation {unknown}
 I - a scroll of amnesia {unknown}
Potions
 b - 2 potions of might {unknown}
 e - 5 potions of lignification
 f - 2 potions of curing
 h - 3 potions of ambrosia
 k - 2 potions of attraction
 l - 3 potions of degeneration
 q - a potion of invisibility
 z - a potion of heal wounds {unknown}
 A - 2 potions of flight
 E - a potion of cancellation {unknown}
 J - a potion of brilliance {unknown}


   Skills:
 + Level 9.1 Fighting
 + Level 6.1 Throwing
 + Level 1.2 Armour
 - Level 3.0 Dodging
 + Level 12.1 Unarmed Combat
 - Level 5.0 Evocations


You had 10 spell levels left.
You didn't know any spells.
Your spell library was empty.

Dungeon Overview and Level Annotations

Branches:
Dungeon (11/15)            Temple (0/1) D:6            Lair (0/6) D:10
    Orc (2/2) D:9
    Elf: Orc:2

Altars:
Ashenzari
Cheibriados
Dithmenos
Fedhas
Sif Muna
Trog
Uskayaw
Wu Jian
Yredelemnul
The Shining One

Shops:
D:2 =   D:7 =**   D:8 [   Orc:1 (

Annotations:
D:10 1 runed translucent door
Orc:2 1 runed translucent door


Innate Abilities, Weirdness & Mutations

You are too large for most types of armour.
You have claws for hands.
Your natural rate of healing is unusually fast.
You are covered in fur. (AC +1)
You have tough skin. (AC +1)


Message History

The orc warlord is heavily wounded.
The orc no longer looks unusually strong. x2
The warg bites you but does no damage.
You claw the orc warlord!
The orc warlord is severely wounded.
The orc completely misses you.
The orc warlord hits you with a +0 great mace!
The warg bites you but does no damage.
Unknown command.
You claw the orc warlord!
The orc warlord is severely wounded.
An orc warrior comes into view. It is wielding a +0 hand axe.
The warg bites you!
The orc warlord roars a battlecry!
The orcs go into a battle-frenzy!
You hear a shout!
The warg barely misses you. The orc hits you but does no damage.
You climb upwards.
There is a stone staircase leading down here.
You mangle the orc warlord!!
You claw the orc warlord, but do no damage.
The orc warlord is almost dead.
The warg bites you.
The orc warlord hits you with a +0 great mace!!
The orc closely misses you.
You barely miss the orc warlord.
The orc warlord is almost dead.
The warg barely misses you.
The orc warlord hits you with a +0 great mace!!
* * * LOW HITPOINT WARNING * * *
The orc hits you with a +0 club.
* * * LOW HITPOINT WARNING * * *
A red film seems to cover your vision as you go berserk!
You feel yourself moving faster!
You feel mighty! The warg barely misses you. The warg bites you!
* * * LOW HITPOINT WARNING * * *
The orc hits you with a +0 club.
* * * LOW HITPOINT WARNING * * *
The orc warlord hits you with a +0 great mace!!
You die...

##..##......#...............
#......∩....................
##.............).......#....
##.#)................^.#.##
##....................####
#.......[..............##.
#.....................###.
#...#...[[............##..
##.###[<)@h........#.####.
###.##..oo........##.####
##....................##.
#.................#..##..
##...............#...###.
###......##........## ##
##.......#.........# #
#..................##
##..................#


You could see an orc warlord, a warg and an orc (strong).

Vanquished Creatures
  A hydra (D:10)
  A two-headed ogre (D:5)
  Pikel (D:6)
  An orc knight (Orc:2)
  2 orc sorcerers (Orc:1)
  3 trolls
  3 slime creatures (D:5)
  A shadow (D:11)
  A wyvern (D:10)
  3 steam dragons
  3 wargs (Orc:2)
  3 water moccasins
  14 orc warriors
  Pargi (D:3)
  A sky beast (D:8)
  3 black bears
  2 ogres
  3 centaurs
  A lemure (D:6)
  A phantom (D:5)
  9 kobold brigands
  Blork the orc (D:4)
  4 bullfrogs
  A necrophage (D:7)
  A gnoll sergeant (D:10)
  4 scorpions
  11 wights
  10 killer bees
  7 howler monkeys
  3 electric eels (D:9)
  13 orc priests
  4 hounds
  6 jellies
  Jessica (D:2)
  3 iguanas
  13 orc wizards
  3 gnolls (D:4)
  5 adders
  4 white imps
  2 ufetubi
  2 worms (D:2)
  4 dart slugs
  59 orcs
  6 ball pythons
  4 bats
  11 endoplasms
  2 giant cockroaches (D:2)
  7 goblins
  8 hobgoblins
  2 jackals (D:2)
  7 quokkas
  4 frilled lizards
  16 kobolds
  3 rats
  A spectral orc (D:3)
290 creatures vanquished.

Vanquished Creatures (others)
  An orc wizard (D:9)
  An orc (D:9)
  23 fungi
  23 plants
  8 toadstools (D:5)
56 creatures vanquished.

Grand Total: 346 creatures vanquished

Notes
Turn   | Place    | Note
-------+----------+-------------------------------------------
     0 | D:1      | kevlar127 the Troll Berserker began the quest for the Orb.
     0 | D:1      | Reached XP level 1. HP: 22/22 MP: 0/0
   131 | D:1      | Reached XP level 2. HP: 28/29 MP: 1/1
   841 | D:2      | Noticed Jessica
   846 | D:2      | Reached XP level 3. HP: 36/36 MP: 2/2
   853 | D:2      | Killed Jessica
   866 | D:2      | Found a hide-covered altar of Uskayaw.
   920 | D:2      | Found a faded altar of an unknown god.
   955 | D:2      | Reached XP level 4. HP: 28/45 MP: 3/3
   997 | D:2      | Reached skill level 4 in Unarmed Combat
  1057 | D:2      | Reached ** piety under Trog
  1090 | D:2      | Found Jiusiyl's Jewellery Boutique.
  1907 | D:3      | Found a basalt altar of Yredelemnul.
  1982 | D:3      | Noticed Pargi
  1991 | D:3      | Killed Pargi
  1992 | D:3      | Reached XP level 5. HP: 48/54 MP: 4/4
  2492 | D:4      | Reached skill level 5 in Unarmed Combat
  2495 | D:4      | Noticed Blork the orc
  2501 | D:4      | Reached XP level 6. HP: 50/62 MP: 5/5
  2518 | D:4      | Killed Blork the orc
  2854 | D:4      | Found a shimmering blue altar of Sif Muna.
  3724 | D:5      | Entered Level 5 of the Dungeon
  3778 | D:5      | Reached XP level 7. HP: 56/71 MP: 6/6
  3784 | D:5      | Reached skill level 5 in Fighting
  3784 | D:5      | Reached skill level 6 in Unarmed Combat
  3860 | D:5      | Noticed a slime creature
  3860 | D:5      | Noticed a slime creature
  3860 | D:5      | Noticed a slime creature
  3871 | D:5      | Killed a slime creature
  3872 | D:5      | Reached skill level 7 in Unarmed Combat
  3872 | D:5      | Reached XP level 8. HP: 83/83 MP: 7/7
  3876 | D:5      | Killed a slime creature
  3883 | D:5      | Reached *** piety under Trog
  3886 | D:5      | Killed a slime creature
  3887 | D:5      | Reached skill level 8 in Unarmed Combat
  3970 | D:5      | Found a bloodstained altar of Trog.
  4062 | D:5      | Noticed a two-headed ogre
  4071 | D:5      | Killed a two-headed ogre
  4072 | D:5      | Reached skill level 9 in Unarmed Combat
  4072 | D:5      | Reached XP level 9. HP: 94/94 MP: 8/8
  4166 | D:5      | Reached skill level 1 in Throwing
  4548 | D:6      | Found an ornate altar of the Wu Jian Council.
  4566 | D:6      | Noticed Pikel
  4582 | D:6      | Killed Pikel
  4790 | D:6      | Found a staircase to the Ecumenical Temple.
  4806 | D:6      | Reached skill level 10 in Unarmed Combat
  5159 | D:7      | Found Vofaamm's General Store.
  5168 | D:7      | Bought a scroll of fear for 52 gold pieces
  5225 | D:7      | Found Okharall's Jewellery Emporium.
  5274 | D:7      | Found a blossoming altar of Fedhas.
  5324 | D:7      | Reached **** piety under Trog
  5393 | D:7      | Reached skill level 1 in Evocations
  5393 | D:7      | Reached XP level 10. HP: 106/106 MP: 9/9
  5674 | D:7      | Found Veqina's General Store.
  6668 | D:8      | Found Arot's Antique Armour Shop.
  6881 | D:8      | Found the +7 staff of the Meek {protect, meekguard}
  8034 | D:9      | Reached skill level 11 in Unarmed Combat
  8368 | D:9      | Found a staircase to the Orcish Mines.
  8815 | D:10     | Entered Level 10 of the Dungeon
  8929 | D:10     | Found a broken altar of Ashenzari.
  8929 | D:10     | Found a shadowy altar of Dithmenos.
  9195 | D:10     | Found a snail-covered altar of Cheibriados.
  9327 | D:10     | Reached XP level 11. HP: 102/115 MP: 10/10
  9347 | D:10     | Found a runed translucent door.
  9500 | D:10     | Noticed a seven-headed hydra
  9521 | D:10     | Killed a nine-headed hydra
  9522 | D:10     | Reached skill level 5 in Throwing
  9980 | D:10     | Found a glowing golden altar of the Shining One.
 10040 | D:10     | Found a staircase to the Lair.
 10171 | D:10     | Noticed a six-headed hydra
 10173 | D:10     | Noticed a fire crab
 10461 | Orc:1    | Entered Level 1 of the Orcish Mines
 10461 | Orc:1    | Found Xuhew's Antique Weapon Boutique.
 10518 | D:9      | Reached ***** piety under Trog
 10837 | Orc:1    | Noticed an orc sorcerer
 10852 | Orc:1    | Killed an orc sorcerer
 11251 | Orc:2    | Entered Level 2 of the Orcish Mines
 11313 | Orc:2    | Noticed an orc knight
 11346 | Orc:2    | Killed an orc knight
 11347 | Orc:2    | Reached skill level 5 in Evocations
 11372 | Orc:2    | Reached skill level 12 in Unarmed Combat
 11460 | Orc:2    | Found a runed translucent door.
 11462 | Orc:2    | Noticed an orc sorcerer
 11476 | Orc:2    | Noticed a soul eater
 11496 | Orc:1    | Killed an orc sorcerer
 11497 | Orc:1    | Reached skill level 1 in Armour
 11547 | Orc:2    | Noticed an orc warlord
 11572 | Orc:1    | HP: 8/172 [warg[an orc warlord] (12)]
 11572 | Orc:1    | HP: 3/172 [orc/+0 club[an orc warlord] (5)]
 11572 | Orc:1    | Annihilated by an orc warlord

Illustrated notes

Levels and vault maps discovered:
D:1:      dpeg_arrival_fog, layout_basic, minmay_tetromino_i2
D:2:      layout_basic, shapermc_ecumenical_altar_mp_urbaneastern, serial_shops,
          nicolae_shop_waterfront, serial_forest, infiniplex_forest_straight_4,
          infiniplex_forest_corner_2, infiniplex_forest_lined_2,
          infiniplex_forest_fountain, infiniplex_forest_clump_curved,
          infiniplex_forest_end_3, infiniplex_forest_end_3,
          infiniplex_forest_split, basic_altar, guppyfry_early_orc_mine,
          uniq_jessica
D:3:      cheibrodos_helix_gallery, layout_basic,
          yredelemnul_forgotten_temple_becter, uniq_pargi
D:4:      layout_layer_cave, led_sif_book, uniq_blork_the_orc
D:5:      cheibrodos_fertilizer, layout_basic, bloody_trog,
          minmay_misc_feat_plants, minmay_misc_feat_iff,
          hangedman_decor_peaks_small, chequers_serial_rivers_micro_a
D:6:      layout_gridville, kennysheep_mini, temple_pool_b,
          hellmonk_bongcloud_opening, uniq_pikel
D:7:      layout_basic, fedhas_ov_isle_minmay, serial_shops,
          kennysheep_mini_moat, nicolae_shop_advertising_works
          [nicolae_subvault_shop_adworks], nicolae_stop_n_shop_2
D:8:      layout_basic, serial_shops, shop_fountains, minmay_circle_x
D:9:      layout_roguey, erik_orc_2
D:10:     layout_stronghold, marbit_many_paths, gammafunk_temple_overflow_pools,
          nicolae_overflow_hidden_temple, grunt_lair_entry_orc_guard_hut,
          wad_hexagon
D:11:     layout_loops_corners, ebering_ghost_rock_garden,
          nicolae_hepliaklqana_hippocampus
Orc:1:    layout_caves, serial_shops, shop
Orc:2:    pf_orc_diabolical, layout_diamond_mine, lightli_church_of_beogh

Skill      XL: |  1  2  3  4  5  6  7  8  9 10 11 |
---------------+----------------------------------+-----
Fighting       | 3 4 5 7 8 9 |  9.1
Dodging        | 3 |  3.0
Unarmed Combat | 4 5 7 9 10 11 12 | 12.1
Throwing       | 3 4 6 |  6.1
Evocations     | 1 4 5 |  5.0
Armour         | 1 |  1.2

Action                   |  1- 3 |  4- 6 |  7- 9 | 10-12 || total
-------------------------+-------+-------+-------+-------++-------
Melee: Unarmed           |    69 |   125 |   186 |   298 ||   678
       Punch             |     2 |     1 |     8 |    22 ||    33
Throw: Stone             |       |     2 |       |    14 ||    16
       Dart              |       |       |    11 |    63 ||    74
       Boomerang         |       |       |       |    71 ||    71
Invok: Berserk           |       |     1 |     2 |     5 ||     8
       Trog's Hand       |       |     1 |     1 |     4 ||     6
Evoke: Wand              |       |       |       |     4 ||     4
  Use: Scroll            |       |     5 |       |     8 ||    13
 Stab: Sleeping          |       |       |       |     1 ||     1
Armor: Animal skin       |    25 |    16 |       |       ||    41
       Troll leather arm |       |    18 |    70 |    72 ||   160
Dodge: Dodged            |    37 |    53 |   116 |   155 ||   361

Table legend: (Time is in decaauts)
 A = Elapsed time spent in this place.
 B = Non-inter-level travel time spent in this place.
 C = Inter-level travel time spent in this place.
 D = Time resting spent in this place.
 E = Time spent auto-exploring this place.
 F = Levels seen in this place.
 G = Mean time per level.
                   A        B        C        D        E       F      G
               +--------+--------+--------+--------+--------+-----+--------+
         Total |  11519 |  11111 |    408 |   1599 |   6979 |  13 |  886.1 |
       Dungeon |  10684 |  10303 |    381 |   1448 |   6702 |  11 |  971.3 |
  Orcish Mines |    835 |    808 |     27 |    151 |    277 |   2 |  417.5 |
               +--------+--------+--------+--------+--------+-----+--------+

Top non-repeatable levels by time:
     D:9: 1709 daAuts
    D:10: 1504 daAuts
     D:4: 1331 daAuts
     D:8: 1234 daAuts
     D:7: 1009 daAuts
     D:2: 977 daAuts
     D:1: 798 daAuts
     D:5: 790 daAuts
     D:6: 642 daAuts
     D:3: 602 daAuts
   Orc:1: 548 daAuts
   Orc:2: 286 daAuts
    D:11: 82 daAuts
